 Dungeon Crawl Stone Soup version 0.30.1-4-g462c640d31 (webtiles) character file.

Game seed: 3438919785452953532

765 Amplified the Fighter (level 7, -8/106 HPs)
             Began as a Demonspawn Warper on Aug 26, 2023.
             Mangled by a killer bee (12 damage)
             ... on level 5 of the Dungeon.
             The game lasted 00:07:46 (3007 turns).

Amplified the Fighter (Demonspawn Warper)           Turns: 3007, Time: 00:07:47

Health: -8/106     AC: 23    Str: 14    XL:     7   Next: 52%
Magic:  12/12      EV:  2    Int: 14    God:
Gold:   270        SH:  0    Dex: 12    Spells: 11/13 levels left

rFire   . . .        a - +1 mace
rCold   . . .        h - orb {mayhem}
rNeg    . . .        b - melded +0 leather armour
rPois   +            (helmet currently unavailable)
rElec   .            (cloak currently unavailable)
rCorr   .            (gloves currently unavailable)
SInv    .            f - melded +1 pair of boots
Will    .....        (no amulet)
Stlth   +            k - +4 ring of slaying
HPRegen 0.37/turn    (no ring)
MPRegen 0.13/turn

%: mayhem
@: tree-form
A: stationary, stasis, torment immunity, boosted hp, (hooves 2), (slimy green
scales 1), ignite blood 1
a: no special abilities


You were on level 5 of the Dungeon.
You were a tree.
You visited 1 branch of the dungeon, and saw 6 of its levels.

You collected 270 gold pieces.

Inventory:

Hand Weapons
 a - a +1 mace (weapon)
Missiles
 j - 7 boomerangs (quivered)
Armour
 b - a +0 leather armour (melded)
 f - a +1 pair of boots (melded)
 h - an orb of mayhem (worn)
Jewellery
 k - a +4 ring of slaying (left branch)
Wands
 i - a wand of digging (2)
Scrolls
 c - 2 scrolls of blinking
 e - 2 scrolls of teleportation
 l - 4 scrolls of noise
 m - a scroll of silence
 o - a scroll of amnesia


   Skills:
 * Level 12.9 Fighting
 * Level 3.4 Maces & Flails
 - Level 0.8 Throwing
 - Level 0.8 Armour
 - Level 1.7 Dodging
 * Level 3.6 Spellcasting
 * Level 4.1 Translocations


You had 11 spell levels left.
You knew the following spells:

 Your Spells              Type           Power      Damage    Failure   Level
a - Blink                 Tloc           28%        N/A       5%          2

Your spell library contained the following spells:

 Spells                   Type           Power      Damage    Failure   Level
 Lesser Beckoning         Tloc           28%        N/A       5%          2
 Teleport Other           Tloc           14%        N/A       11%         3
 Beastly Appendage        Tmut           4%         N/A       21%         1
 Slow                     Hex            8%         N/A       21%         1
 Vhi's Electric Charge    Tloc/Air       16%        N/A       26%         3
 Wereblood                Tmut           2%         N/A       30%         2
 Manifold Assault         Tloc           14%        N/A       36%         4
 Confusing Touch          Hex            2%         N/A       52%         3
 Inner Flame              Hex/Fire       2%         N/A       52%         3
 Spider Form              Tmut/Pois      2%         N/A       52%         3
 Vampiric Draining        Necr           2%         2d6       52%         3
 Flame Wave               Conj/Fire      2%         2d4       90%         4
 Sticky Flame             Conj/Fire      2%         2d3       90%         4


Dungeon Overview and Level Annotations

Branches:
Dungeon (6/15)             Temple (0/1) D:5

Altars:
Fedhas
Hepliaklqana
Okawaru
Qazlal
Vehumet
Wu Jian

Shops:
D:4 =   D:5 *

Portals:
Ossuary: D:5


Innate Abilities, Weirdness & Mutations

You are a tree.
Your roots penetrate the ground, keeping you stationary.
You cannot be teleported.
You are immune to unholy pain and torment.
Your maximum health is greatly increased.
Your equipment is partially melded.
((You have hoof-like feet.))
((You are partially covered in slimy green scales. (AC +2)))
Your demonic aura sometimes causes spilled blood to erupt in flames.


Message History

The killer bee barely misses you.
The killer bee stings you but does no damage. x2
Throw: 3 boomerangs (disperse)
Press: ? - help, Q - select action, (/) - cycle Shift-Dir - straight line, f/p - killer bee
Aim: a killer bee (fast, strong, frenzied and insane, 45% to hit)
You throw a boomerang of dispersal.
The boomerang of dispersal misses the killer bee.
The killer bee stings you but does no damage. x2
The killer bee stings you!
* * * LOW HITPOINT WARNING * * *
You aren't carrying any potions.
Unknown command.
Okay, then.
You aren't carrying any potions.
Unknown command.
Throw: 2 boomerangs (disperse)
Press: ? - help, Q - select action, (/) - cycle Shift-Dir - straight line, f/p - killer bee
Aim: a killer bee (fast, strong, frenzied and insane, 45% to hit)
You throw a boomerang of dispersal.
The boomerang of dispersal closely misses the killer bee.
The killer bee stings you but does no damage. x4
Throw: boomerang (disperse)
Press: ? - help, Q - select action, (/) - cycle Shift-Dir - straight line, f/p - killer bee
Aim: a killer bee (fast, strong, frenzied and insane, 45% to hit)
You throw a boomerang of dispersal.
The boomerang of dispersal closely misses the killer bee.
The killer bee stings you but does no damage. x4
You aren't carrying any potions.
Unknown command.
Okay, then.
Okay, then.
Okay, then.
Casting: Blink (safe; 5% risk of failure)
Confirm with . or Enter, or press ? or * to list all spells.
You cannot blink because you are held in place by your roots.
Unknown command.
You closely miss the killer bee.
The killer bee stings you but does no damage.
The killer bee stings you!
You die...

,*,,,,,,,........._.......###.##.
****,,,***#......P.......####..##
***,,,,,**#......P........8...##.
**,,,,,,,*#...................##.
*,,,,,,,§.#.............8.∩.8.##.
,,,,,,,,............##........##.
,,,,,_,,...§####..#.##....8....#.
,,,,,,,,§,,,* #y######..###...##
*,,,,,,,,,*** #♣# #........##
**,,,,,,,** #.# #.......##
***,,,,,** #.# ##.....##
****,,,** #.# ###...# ,,,,,,,*
#.# ##.## ******** #.# ### ###


You could see a neutral killer bee (fast, strong, insane).

Vanquished Creatures
  Blork the orc (D:4)
  2 killer bees (D:5)
  A howler monkey (D:5)
  2 hounds (D:5)
  A jelly (D:5)
  2 orc wizards (D:3)
  A white imp (D:6)
  An ufetubus (D:5)
  A worm (D:2)
  3 orcs (D:3)
  6 endoplasms
  2 giant cockroaches
  6 goblins
  8 hobgoblins
  4 jackals
  4 quokkas
  9 ball pythons
  11 bats
  4 frilled lizards
  10 kobolds
  11 rats
90 creatures vanquished.

Vanquished Creatures (collateral kills)
  An orc (D:3)
  A giant cockroach (D:2)
  A jackal (D:3)
3 creatures vanquished.

Vanquished Creatures (others)
  An orc (D:3)
1 creature vanquished.

Grand Total: 94 creatures vanquished

Notes
Turn   | Place    | Note
-------+----------+-------------------------------------------
     0 | D:1      | Amplified the Demonspawn Warper began the quest for the
                  | Orb.
     0 | D:1      | Reached XP level 1. HP: 16/16 MP: 3/3
   193 | D:1      | Gained mutation: You are partially covered in slimy green
                  | scales. (AC +2) [demonic ancestry]
   193 | D:1      | Reached XP level 2. HP: 17/22 MP: 5/5
   507 | D:1      | Gained mutation: You have large cloven feet. [demonic
                  | ancestry]
   507 | D:1      | Reached XP level 3. HP: 22/28 MP: 6/6
   763 | D:2      | You fall into a shaft and drop 2 floors!
   811 | D:4      | Found Ownuvvih's Jewellery Boutique.
   930 | D:3      | Noticed a fire elemental
   932 | D:3      | Found a stormy altar of Qazlal.
  1034 | D:2      | Learned a level 2 spell: Blink
  1229 | D:2      | Found a faded altar of an unknown god.
  1468 | D:2      | Reached XP level 4. HP: 34/34 MP: 7/7
  1854 | D:3      | Found a hazy altar of Hepliaklqana.
  1967 | D:3      | Noticed an air elemental
  1971 | D:3      | Noticed an earth elemental
  1973 | D:3      | Noticed a water elemental
  2136 | D:3      | Reached skill level 3 in Fighting
  2136 | D:3      | Gained mutation: Your demonic aura sometimes causes spilled
                  | blood to erupt in flames. [demonic ancestry]
  2136 | D:3      | Reached XP level 5. HP: 40/41 MP: 9/9
  2422 | D:4      | Noticed Blork the orc
  2430 | D:4      | Killed Blork the orc
  2641 | D:4      | Found an ornate altar of the Wu Jian Council.
  2742 | D:5      | Entered Level 5 of the Dungeon
  2756 | D:5      | Found an iron altar of Okawaru.
  2794 | D:5      | Found a radiant altar of Vehumet.
  2813 | D:5      | Gained mutation: You have hoof-like feet. [demonic
                  | ancestry]
  2813 | D:5      | Reached XP level 6. HP: 47/47 MP: 10/10
  2866 | D:5      | Found Cefrup's Gadget Gallery.
  2958 | D:5      | Found a sand-covered staircase.
  2975 | D:5      | Found a blossoming altar of Fedhas.
  2989 | D:5      | Reached skill level 12 in Fighting
  2989 | D:5      | Reached XP level 7. HP: 61/71 MP: 12/12
  3004 | D:5      | HP: 2/106 [killer bee (9)]
  3007 | D:5      | Mangled by a killer bee

Illustrated notes

Levels and vault maps discovered:
D:1:      amcnicky_arrival_abandoned_market, layout_basic
D:2:      layout_loops_ring, basic_altar, ebering_ecumenical_altar_hall,
          minmay_surrounded
D:3:      layout_loops_cross, mainiacjoe_overflow_brackets,
          nicolae_qazlal_style_of_elements
D:4:      layout_loops_ring, nicolae_wu_jian_immortal_techniques,
          general_overflow_altar, serial_shops, nicolae_shop_hallway_stairs,
          minmay_misc_feat_secret_circle, uniq_blork_the_orc
D:5:      layout_cave_pools, kennysheep_okawaru_gauntlet,
          nicolae_dithmenos_the_darkroom, fedhas_altar_3, lemuel_round_altar,
          minmay_temple_entry_statues_pillars, nicolae_ossuary_entry_monument,
          nicolae_shop_gadgets
D:6:      layout_basic, kennysheep_mini_moat, nicolae_ru_awakened_eye,
          nicolae_elyvilon_peaceful_grove, trog_three_pillars_becter

Skill      XL: |  1  2  3  4  5  6 |
---------------+-------------------+-----
Maces & Flails | 2 3 |  3.4
Translocations | 3 4 |  4.1
Fighting       | 3 12 | 12.9
Spellcasting   | 3 |  3.6
Throwing       | |  0.8
Armour         | |  0.8
Dodging        | |  1.7

Action                     |  1- 3 |  4- 6 |  7- 9 || total
---------------------------+-------+-------+-------++-------
  Melee: Mace              |   167 |   104 |    10 ||   281
         Punch             |     1 |       |       ||     1
  Throw: Boomerang         |     2 |       |     5 ||     7
  Evoke: Wand              |       |     2 |       ||     2
    Use: Scroll            |     8 |     7 |       ||    15
         Potion            |     1 |     6 |     3 ||    10
   Stab: Sleeping          |     1 |       |       ||     1
         Invisible         |       |     1 |       ||     1
 Armour: Leather armour    |   108 |    54 |     1 ||   163
         Skin              |       |       |    34 ||    34
  Dodge: Dodged            |   150 |    86 |     3 ||   239
